 Dungeon Crawl Stone Soup version 0.20.1-1-g8b1a95d (webtiles) character file.

118 t3hbunneh the Chopper (level 4, -2/35 HPs)
             Began as a Demonspawn Fighter on Oct 26, 2017.
             Killed by nerve-wracking pain
             ... invoked by Grinder
              (6 damage)
             ... while paralysed by Grinder
             ... on level 3 of the Dungeon.
             The game lasted 00:05:19 (1607 turns).

t3hbunneh the Chopper (Demonspawn Fighter)          Turns: 1607, Time: 00:05:19

Health: -2/35      AC: 11    Str: 17    XL:     4   Next: 72%
Magic:  4/4        EV:  2    Int: 10    God:
Gold:   54         SH:  0    Dex: 12    Spells: 3/3 levels left

rFire    . . .     SeeInvis .   a - +0 war axe
rCold    . . .     Gourm    .   c - +0 shield
rNeg     . . .     Faith    .   l - +0 chain mail
rPois    .         Spirit   .   (no helmet)
rElec    .         Reflect  .   (no cloak)
rCorr    .         Harm     .   (no gloves)
MR       .....                  (no boots)
Stlth    ..........             (no amulet)
Regen    0.2/turn               (no ring)
MPRegen  0.1/turn               (no ring)

@: paralysed
A: iridescent scales 1
a: no special abilities


You were on level 3 of the Dungeon.
You were not hungry.

You visited 1 branch of the dungeon, and saw 3 of its levels.

You collected 54 gold pieces.

Inventory:

Hand Weapons
 a - a +0 war axe (weapon)
Armour
 b - a +0 scale mail
 c - a +0 shield (worn)
 l - a +0 chain mail (worn)
Jewellery
 j - an uncursed ring of ice {unknown}
 x - a cursed -3 ring of dexterity {unknown}
Scrolls
 e - 3 scrolls of teleportation {unknown}
 n - 2 scrolls of identify {unknown}
 o - a scroll of immolation {unknown}
 q - a scroll of enchant weapon {unknown}
 s - a scroll of amnesia {unknown}
 t - a scroll of remove curse {unknown}
Potions
 d - a potion of might
 g - a potion of heal wounds {unknown}
 h - a potion of cancellation {unknown}
 k - a potion of curing {unknown}
 m - a potion of berserk rage {unknown}
 p - 2 potions of agility {unknown}
 r - a potion of haste {unknown}
 u - a potion of flight {unknown}
Comestibles
 f - 2 bread rations
 i - 2 royal jellies
 v - 2 meat rations
 w - 2 chunks of flesh


   Skills:
 + Level 3.3 Fighting
 + Level 3.8 Axes
 - Level 3.1 Armour
 + Level 0.2 Stealth
 - Level 2.9 Shields


You had 3 spell levels left.
You didn't know any spells.

Dungeon Overview and Level Annotations

Branches:
Dungeon (3/15)

Altars:

Annotations:
D:3 Grinder


Innate Abilities, Weirdness & Mutations

You are partially covered in iridescent scales. (AC +2)


Message History

Grinder gestures at you. Pain shoots through your body!
You hit Grinder but do no damage.
Grinder is lightly wounded.
You block Grinder's attack. Grinder hits you!
* * * LOW HITPOINT WARNING * * *
You writhe in agony.
* * * LOW HITPOINT WARNING * * *
You slash Grinder!
Grinder is moderately wounded.
You block Grinder's attack.
You slash Grinder!
Grinder is severely wounded.
Grinder gestures at you.
You suddenly lose the ability to move!
Grinder gestures at you.
You barely resist. Grinder gestures at you. Pain shoots through your body!
You die...

#...............###.#
#####...........# #.#
#...........# #.#
#...........# #.#
#......)....# #.#
###+##'########'######
#.....<#........#
+#########........#
......5@.'........#
.....#####........#
... #....###.# .
#....# ..# #....# ..
#..[..# #.......
....##.


You could see Grinder.

Vanquished Creatures
  An iguana (D:3)
  Robin (D:2)
  2 adders
  An ooze (D:1)
  2 dart slugs (D:1)
  2 leopard geckos (D:1)
  An orc (D:3)
  2 giant cockroaches
  11 goblins
  7 hobgoblins
  A quokka (D:3)
  A ball python (D:2)
  4 bats
  5 frilled lizards
  4 kobolds
  7 rats
  A plant (D:2)
53 creatures vanquished.

Notes
Turn   | Place    | Note
-------+----------+-------------------------------------------
     0 | D:1      | t3hbunneh the Demonspawn Fighter began the quest for the Orb.
     0 | D:1      | Reached XP level 1. HP: 18/18 MP: 1/1
   163 | D:1      | Gained mutation: You are partially covered in iridescent scales. (AC +2) [demonic ancestry]
   163 | D:1      | Reached XP level 2. HP: 24/24 MP: 2/2
   657 | D:2      | Noticed Robin
   674 | D:2      | Reached XP level 3. HP: 26/29 MP: 3/3
   705 | D:2      | Killed Robin
  1287 | D:2      | Reached XP level 4. HP: 33/35 MP: 4/4
  1586 | D:3      | Noticed Grinder
  1605 | D:3      | Paralysed by Grinder for 3 turns
  1607 | D:3      | Killed from afar by Grinder

Skill      XL: |  1  2  3 |
---------------+----------+-----
Armour         | 3 |  3.1
Axes           | 2 3 |  3.8
Fighting       | |  3.3
Stealth        | |  0.2
Shields        | |  2.9

Action                   |  1- 3 |  4- 6 || total
-------------------------+-------+-------++-------
Melee: War axe           |   123 |    79 ||   202
  Eat: Chunk             |     1 |     2 ||     3
Armor: Scale mail        |    19 |       ||    19
       Chain mail        |    45 |    24 ||    69
Dodge: Dodged            |    25 |     7 ||    32
Block: Shield            |    55 |    23 ||    78
